 Dungeon Crawl Stone Soup version 0.27-a0-1202-ge72e49191c (webtiles) character file.

Game seed: 17842098141122437196

126 Gwenloh the Changer (level 5, -1/37 HPs)
             Began as a Merfolk Transmuter on June 4, 2021.
             Killed by nerve-wracking pain
             ... invoked by an orc priest
              (13 damage)
             ... on level 6 of the Dungeon.
             The game lasted 00:08:42 (4331 turns).

Gwenloh the Changer (Merfolk Transmuter)            Turns: 4331, Time: 00:08:43

Health: -1/37      AC:  2    Str: 10    XL:     5   Next: 9%
Magic:  5/8        EV: 20    Int: 19    God:
Gold:   40         SH:  0    Dex: 20    Spells: 2/8 levels left

rFire    + . .     SeeInvis .     - Unarmed
rCold    . . .     Faith    .   (shield currently unavailable)
rNeg     . . .     Spirit   .   (armour currently unavailable)
rPois    x         Reflect  .   (helmet currently unavailable)
rElec    .         Harm     .   (cloak currently unavailable)
rCorr    .         Rampage  .   (gloves currently unavailable)
Will     .....                  (boots currently unavailable)
Stlth    ++........             (no amulet)
HPRegen  0.12/turn              i - ring of protection from fire
MPRegen  0.11/turn              l - +6 ring of intelligence

@: spider-form
A: venomous fangs, tiny, (nimble swimmer 2), (mertail)
a: End Transformation


You were on level 6 of the Dungeon.
You were a venomous arachnid creature.
You visited 1 branch of the dungeon, and saw 4 of its levels.

You collected 40 gold pieces.

Inventory:

Hand Weapons
 a - a +0 hunting sling
Missiles
 c - 58 stones
 h - 13 poisoned darts (quivered)
Armour
 j - a +0 robe (melded)
Jewellery
 i - a ring of protection from fire (left front leg)
 l - a +6 ring of intelligence (right front leg)
Scrolls
 b - 3 scrolls of identify {unknown}
 e - a scroll of fog {unknown}
 f - a scroll of silence {unknown}
 g - a scroll of summoning {unknown}
 k - a scroll of fear {unknown}
Potions
 d - a potion of degeneration {unknown}


   Skills:
 - Level 1.1 Fighting
 - Level 2.6 Dodging
 + Level 4.9 Unarmed Combat
 - Level 2.0 Spellcasting
 + Level 5.1 Transmutations


You had 2 spell levels left.
You knew the following spells:

 Your Spells              Type           Power      Damage    Failure   Level
a - Beastly Appendage     Tmut           42%        N/A       8%          1
b - Wereblood             Tmut           21%        N/A       11%         2
c - Spider Form           Tmut/Pois      5%         N/A       36%         3

Your spell library contained the following spells:

 Spells                   Type           Power      Damage    Failure   Level
 Ice Form                 Ice/Tmut       11%        N/A       71%         4
 Hydra Form               Tmut           10%        N/A       71%         5


Dungeon Overview and Level Annotations

Branches:
Dungeon (3/15)

Altars:
Dithmenos


Innate Abilities, Weirdness & Mutations

You are a venomous arachnid creature.
You have poisonous fangs.
You are tiny and dextrous.
Your spellcasting is less reliable in this form.
Your armour is entirely melded.
You are incapable of wielding weapons or throwing items.
((You are quick and stealthy near water. (Stealth+, EV+, Speed+++)))
((Your lower body shifts to a powerful aquatic tail in water.))


Message History

c - 58 stones (gained 1)
You see here 2 arrows.
You fall into a shaft and drop 3 floors!
The shaft crumbles and collapses.
An orc priest comes into view. It is wielding a +0 dagger.
The orc priest shouts!
An orc comes into view. It is wielding a +0 dagger.
The orc shouts!
An orc comes into view. It is wielding a +0 hand axe.
The orc shouts!
You hear a shout!
An iguana comes into view.
An orc comes into view. It is wielding a +0 club.
Casting: Wereblood (safe; 3% risk of failure)
Confirm with . or Enter, or press ? or * to list all spells.
The spell is quite dangerous to cast (19% risk of failure)!
Continue anyway?
You turn into a venomous arachnid creature.
Your +0 robe melds into your body.
The orc completely misses you.
You bite the orc!
You kill the orc!
You bite the orc!
You kill the orc!
The iguana barely misses you.
The orc priest looks braver for a moment.
Items here: )) [ ††.
You hit the iguana.
The iguana is poisoned.
The iguana is moderately wounded.
The iguana completely misses you.
The orc priest invokes the aid of Beogh against you.
Beogh smites you! The iguana bites you!
You hit the orc priest but do no damage.
The iguana bites you!
You hit the orc priest.
The orc priest is moderately wounded.
The iguana closely misses you.
The orc priest hits you but does no damage.
The orc barely misses you.
The orc priest invokes the aid of Beogh against you.
Pain shoots through your body!
You die...

.. .. #..#
..##.##.. ⌠.⌠
...#.#...
.....
.........
≈≈≈≈≈
......###.#...
.....#......
#...#....#
#soo....#
#.l.....#
##)#..### #.#
.# #.# .. #.#
## #.. #..
#...


You could see an iguana (very poisoned), an orc priest and an orc.

Vanquished Creatures
  A gnoll (D:2)
  3 adders
  A worm (D:2)
  3 dart slugs
  3 orcs
  7 bats
  2 endoplasms
  3 giant cockroaches
  4 goblins
  6 hobgoblins
  13 jackals
  6 kobolds
  5 quokkas
  5 ball pythons
  3 frilled lizards
  6 rats
71 creatures vanquished.

Notes
Turn   | Place    | Note
-------+----------+-------------------------------------------
     0 | D:1      | Gwenloh the Merfolk Transmuter began the quest for the Orb.
     0 | D:1      | Reached XP level 1. HP: 15/15 MP: 3/3
     0 | D:1      | Found a shadowy altar of Dithmenos.
   305 | D:1      | Reached skill level 3 in Transmutations
   328 | D:1      | Reached XP level 2. HP: 8/21 MP: 3/5
  1265 | D:1      | Reached XP level 3. HP: 21/26 MP: 4/6
  1494 | D:1      | Learned a level 2 spell: Wereblood
  1498 | D:1      | Learned a level 3 spell: Spider Form
  1674 | D:1      | Found a faded altar of an unknown god.
  1954 | D:2      | Reached skill level 4 in Transmutations
  2584 | D:2      | Reached XP level 4. HP: 31/32 MP: 2/7
  4028 | D:2      | Reached skill level 5 in Transmutations
  4253 | D:3      | Reached XP level 5. HP: 37/37 MP: 4/8
  4321 | D:3      | You fall into a shaft and drop 3 floors!
  4331 | D:6      | Killed from afar by an orc priest

Illustrated notes

Levels and vault maps discovered:
D:1:      sevenhm_arrival_forest_fort_small_6, layout_basic,
          shapermc_ecumenical_altar_mp_vishouse, kennysheep_boxes
D:2:      wad_river_or_something, layout_basic
D:3:      layout_loops_ring, old_standard_altar, kennysheep_jessica_study
D:6:      minmay_cornered_nines, layout_loops_corners, nicolae_ru_awakened_eye,
          nicolae_gozag_zags_fifth_avenue, grunt_ministairs_6,
          minmay_fire_ice_demons

Skill      XL: |  1  2  3  4 |
---------------+-------------+-----
Transmutations | 3 4 5 |  5.1
Unarmed Combat | 4 |  4.9
Fighting       | |  1.1
Dodging        | |  2.6
Spellcasting   | |  2.0

Action                   |  1- 3 |  4- 6 || total
-------------------------+-------+-------++-------
Melee: Unarmed           |   156 |    64 ||   220
       Headbutt          |    21 |     7 ||    28
       Tailslap          |     1 |       ||     1
       Punch             |     1 |       ||     1
 Fire: Hunting sling     |       |    40 ||    40
Throw: Stone             |    11 |    16 ||    27
 Cast: Beastly Appendage |    28 |    14 ||    42
       Wereblood         |     1 |     1 ||     2
       Spider Form       |       |     1 ||     1
Armor: Robe              |    32 |     4 ||    36
       Skin              |       |     1 ||     1
Dodge: Dodged            |   102 |    45 ||   147

Table legend: (Time is in decaauts)
 A = Elapsed time spent in this place.
 B = Non-inter-level travel time spent in this place.
 C = Inter-level travel time spent in this place.
 D = Time resting spent in this place.
 E = Time spent auto-exploring this place.
 F = Levels seen in this place.
 G = Mean time per level.
                   A        B        C        D        E       F      G
               +--------+--------+--------+--------+--------+-----+--------+
         Total |   4278 |   4092 |    186 |     12 |   3463 |   4 | 1069.5 |
       Dungeon |   4278 |   4092 |    186 |     12 |   3463 |   4 | 1069.5 |
               +--------+--------+--------+--------+--------+-----+--------+

Top non-repeatable levels by time:
     D:2: 1948 daAuts
     D:1: 1908 daAuts
     D:3: 412 daAuts
     D:6: 9 daAuts
